Cogmind - Beta 16.1 @@@ ROGUE MODE // 2026.04.06 @ 02:40:23 // Winter2019/RPGLIKE Player: Toaster Result: Core destroyed Performance ------------- Evolutions (7) 3500 Regions Visited (23) 4600 Robots Destroyed (362) 1810 Value Destroyed (19785) 19785 Prototype IDs (47) 940 Alien Tech Used (2) 400 Bonus (12452) 12452 TOTAL SCORE: 43487 Bonus ------- High Alert Combat Kills 1978 Follower Combat Kills 2921 Hunted by Unchained 500 Destroyed Unchained 1000 Network Hubs Disabled 600 Registered with UFD 300 Met Data Miner 300 Met Zhirov 300 MAIN.C Attacked Warlord 500 Warlord Defense Kills 748 Built Enhanced Grunts 300 A7 Reached Mainframe 300 Met R17 at Cetus 500 Read Decrypted Archives 300 Met R17 at Research 2000 Friendly Fire -95 Cogmind --------- Core Integrity 0/1000 Matter 300/300 Energy 852/950 System Corruption 3% Temperature Critical (529) Movement Walking (170) Ox1 Location -3/Quarantine Parts ------- > --- POWER (3) -------- Reinforced Quantum Reactor Vortex Chain Reactor > --- PROPULSION (6) --- Improved Thunder Leg Improved Thunder Leg Improved Thunder Leg Improved Thunder Leg Enhanced Biometal Leg Enhanced Biometal Leg > --- UTILITY (10) ----- Advanced Signal Interpreter Improved Actuator Array Advanced Actuator Array Advanced Reaction Control System Damper Plating Graphene Brace Advanced Force Field > --- WEAPON (6) ------- Powered Hammer Powered Hammer Powered Hammer Makeshift Hammer Sigix Broadsword > --- INVENTORY (2) ---- Core Cannon Peak State ------------ > --- POWER ------------ Particle Reactor Vortex Chain Reactor > --- PROPULSION ------- Myomer Leg Improved Thunder Leg Improved Thunder Leg Improved Thunder Leg Enhanced Biometal Leg Enhanced Biometal Leg > --- UTILITY ---------- Advanced Signal Interpreter Improved Actuator Array Advanced Actuator Array Advanced Reaction Control System Damper Plating Graphene Brace Advanced Force Field > --- WEAPON ----------- Core Cannon Powered Hammer Makeshift Hammer Sigix Broadsword > --- INVENTORY -------- (None) [Rating: 204] Favorites ----------- Power Neutrino Core Engine Ion Engine Power Core Neutrino Core Reactor Vortex Chain Reactor Propulsion Flexi-carbon Leg Leg Flexi-carbon Leg Wheel Wheel Hover Unit Cooled Antigrav System Flight Unit Electron Diverter Utility Improved Actuator Array Device Improved Actuator Array Storage Experimental Matter Compressor Processor Rainbow Chip Hackware Hacking Suite Protection Damper Plating Weapon Powered Hammer Energy Gun EM Pulse Gun Energy Cannon Light EM Pulse Cannon Launcher Proton Missile Launcher Special Weapon Mining Laser Impact Weapon Powered Hammer Slashing Weapon Falx Build | -11 -10 -10 -9 -9 -6 -6 -6 -6 -5 -5 -5 -5 -5 -5 -5 -4 -4 -4 -4 -4 -4 -3 -3 ------- Run | Yrd Mat Sub Rec Scr Fac Low Low Dat Pro Fac Was Fac Upp Upp War Pro Fac Ext Cet Arc Hub Res Qua Slots Evolved 21 | 2 3 2 . 2 1 1 1 . 2 . 2 2 . 1 . . . . . . 2 . . Power 2 | . 1 . . . . . 1 . . . . . . . . . . . . . . . . Propulsion 5 | 1 . 1 . . . . . . 1 . 1 . . . . . . . . . 1 . . Utility 9 | . 1 1 . 1 1 1 . . 1 . 1 1 . 1 . . . . . . . . . Weapon 5 | 1 1 . . 1 . . . . . . . 1 . . . . . . . . 1 . . Parts Attached 94 | 5 11 6 2 11 11 3 3 . 4 2 3 2 1 1 10 . 2 4 . . 1 6 6 Power 15 | 1 1 . . 2 1 2 1 . 1 1 1 . . . 1 . . . . . . 2 1 Engine 6 | 1 1 . . 2 1 . 1 . . . . . . . . . . . . . . . . Core 5 | . . . . . . 2 . . 1 1 1 . . . . . . . . . . . . Reactor 4 | . . . . . . . . . . . . . . . 1 . . . . . . 2 1 Propulsion 26 | 2 4 1 . 2 3 . . . 1 1 1 . . . 4 . . 2 . . . 3 2 Treads . | . . . . . . . . . . . . . . . . . . . . . . . . Leg 20 | . 2 1 . 2 3 . . . 1 1 1 . . . 2 . . 2 . . . 3 2 Wheel 4 | 2 2 . . . . . . . . . . . . . . . . . . . . . . Hover 1 | . . . . . . . . . . . . . . . 1 . . . . . . . . Flight 1 | . . . . . . . . . . . . . . . 1 . . . . . . . . Utility 33 | . 3 3 1 4 6 1 . . 2 . 1 2 . 1 3 . 1 2 . . 1 1 1 Device 21 | . 1 2 1 2 4 . . . 2 . . 2 . . 1 . 1 2 . . 1 1 1 Storage 1 | . . . . . . . . . . . . . . . 1 . . . . . . . . Processor 5 | . 1 . . 1 1 . . . . . . . . 1 1 . . . . . . . . Hackware 1 | . 1 . . . . . . . . . . . . . . . . . . . . . . Protection 5 | . . 1 . 1 1 1 . . . . 1 . . . . . . . . . . . . Artifact . | . . . . . . . . . . . . . . . . . . . . . . . . Weapon 20 | 2 3 2 1 3 1 . 2 . . . . . 1 . 2 . 1 . . . . . 2 Energy Gun 3 | 2 . . . . . . . . . . . . . . 1 . . . . . . . . Energy Cannon 4 | . 3 . . . . . . . . . . . . . . . . . . . . . 1 Ballistic Gun . | . . . . . . . . . . . . . . . . . . . . . . . . Ballistic Cannon . | . . . . . . . . . . . . . . . . . . . . . . . . Launcher 1 | . . . . . . . 1 . . . . . . . . . . . . . . . . Special Weapon 1 | . . 1 . . . . . . . . . . . . . . . . . . . . . Impact Weapon 8 | . . . 1 2 1 . 1 . . . . . 1 . 1 . 1 . . . . . . Slashing Weapon 3 | . . 1 . 1 . . . . . . . . . . . . . . . . . . 1 Piercing Weapon . | . . . . . . . . . . . . . . . . . . . . . . . . Special Melee Weapon . | . . . . . . . . . . . . . . . . . . . . . . . . Unidentified Prototypes 12 | . . . . . . 1 . . . . . . . . 8 . . . . . . 1 2 Parts Lost 4 | . . . . . 2 1 . . . 1 . . . . . . . . . . . . . Power 2 | . . . . . . 1 . . . 1 . . . . . . . . . . . . . Propulsion . | . . . . . . . . . . . . . . . . . . . . . . . . Utility 2 | . . . . . 2 . . . . . . . . . . . . . . . . . . Weapon . | . . . . . . . . . . . . . . . . . . . . . . . . Highest Loss Streak 2 | . . . . . 2 1 . . . 1 . . . . . . . . . . . . . To Critical Strikes 1 | . . . . . . 1 . . . . . . . . . . . . . . . . . Average Backups . | . . . 1 . . . . 1 1 . . . . . . 1 1 1 1 1 1 1 1 Power . | . . . . . . . . . . . . . . . . . . . . . . . . Propulsion . | . . . . . . . . . . . . . . . . . . . . . . . . Utility . | . . . 1 . . . . . . . . . . . . . . . . . . . . Weapon . | . . . . . . . . 1 . . . . . . . 1 1 1 1 1 1 1 1 Tool/Special . | . . . . . . . . . . . . . . . . . . . . . . . . Unused Backups 5 | . 1 . . 2 . 1 . . . . . . . . . . . . . . . . 1 Power . | . . . . . . . . . . . . . . . . . . . . . . . . Propulsion . | . . . . . . . . . . . . . . . . . . . . . . . . Utility 2 | . . . . 1 . 1 . . . . . . . . . . . . . . . . . Weapon 3 | . 1 . . 1 . . . . . . . . . . . . . . . . . . 1 Tool/Special . | . . . . . . . . . . . . . . . . . . . . . . . . Average Slot Usage (%) 87 | . 94 90 90 80 84 92 93 94 94 94 86 84 86 88 85 84 84 83 84 84 84 83 80 Engine 5 | . 17 19 18 13 11 6 5 10 6 3 . . . . . . . . . . . . . Core 4 | . . . . . . 5 5 5 7 9 12 12 12 11 6 3 3 3 3 3 3 2 . Reactor 1 | . . . . . . . . . . . . . . . 1 3 3 3 3 3 3 5 8 Leg 22 | . 6 23 27 21 21 21 21 21 21 22 25 24 24 23 22 23 23 22 23 23 23 23 24 Device 15 | . 5 4 9 10 15 14 15 15 17 19 17 19 20 19 18 19 19 18 19 19 19 19 20 Processor 6 | . 8 4 . 2 5 10 10 10 9 9 4 4 4 5 7 7 7 7 7 7 6 4 4 Protection 4 | . . 8 9 4 4 4 5 5 4 4 3 4 4 3 3 3 3 3 3 3 3 4 4 Energy Cannon 3 | . 26 26 10 . . . . . . . . . . . . . . . . . . . . Impact Weapon 18 | . . . 7 12 17 21 25 26 24 23 21 20 22 23 23 23 23 23 23 23 23 24 17 Slashing Weapon 2 | . . 2 9 11 5 5 . . . . . . . . . . . . . . . . 3 Peak Build Rating 204 | 5 14 26 26 58 76 95 92 92 102 105 117 122 126 131 154 151 155 161 161 161 161 166 204 Average Rating 105 | 3 10 19 23 42 70 88 88 92 98 103 114 120 123 128 140 151 153 157 161 161 158 155 182 On Entrance 100 | . 4 14 26 23 56 76 89 92 92 102 100 117 121 126 131 151 151 155 161 161 161 151 161 Avg Prop Armor Cover (%) 1 | . 3 . . . . . . . . 1 . . . . . . . . . . . . 1 Naked Turns . | . . . . . . . . . . . . . . . . . . . . . . . . Heaviest Build 164 | 9 23 41 40 58 69 88 88 88 90 89 114 120 123 123 138 138 139 140 140 140 140 151 164 Greatest Support 177 | 15 25 45 45 58 80 80 80 80 95 103 123 123 123 123 148 148 148 158 158 158 158 171 177 Greatest Overweight (x) 2 | 1 1 2 . 1 1 1 1 1 1 1 1 . . . 1 . . 1 . . 1 1 1 Average Overweight (x) . | . . . . . . . . 1 . . . . . . . . . . . . . . . Largest Inventory Capacity 2 | 1 1 1 1 1 1 1 1 1 1 1 1 1 1 1 1 1 1 1 1 1 1 2 2 Average Capacity 1 | 1 1 1 1 1 1 1 1 1 1 1 1 1 1 1 1 1 1 1 1 1 1 1 2 Most Carried 2 | . 1 1 1 1 1 1 1 1 1 1 . 1 1 1 1 1 1 1 1 1 1 2 2 Average Carried . | . . . 1 . . . . 1 . . . . . . . 1 1 1 1 1 1 1 1 Final Capacity 2 | 1 1 1 1 1 1 1 1 1 1 1 1 1 1 1 1 1 1 1 1 1 1 2 2 Final Carried 2 | . 1 1 1 1 1 . 1 1 1 . . 1 . . 1 1 1 1 1 1 1 2 2 Class Distribution -------------------- 73% | Hacker-Gladiator 10% | Commander-Gladiator 5% | Scavenger-Gunner 4% | Gunner Dominant Class ---------------- Scavenger-Gunner | -10/Materials Scavenger-Gunner | -10/Subcaves Scavenger-Gladiator | -9/Recycling Hacker-Gladiator | -9/Scraptown Hacker-Gladiator | -6/Factory Hacker-Gladiator | -6/Lower Caves Hacker-Gladiator | -6/Lower Caves Hacker-Gladiator | -6/Data Miner Hacker-Gladiator | -5/Proximity Caves Hacker-Gladiator | -5/Factory Hacker-Gladiator | -5/Waste Hacker-Gladiator | -5/Factory Hacker-Gladiator | -5/Upper Caves Hacker-Gladiator | -5/Upper Caves Hacker-Gladiator | -5/Warlord Hacker-Gladiator | -4/Proximity Caves Hacker-Gladiator | -4/Factory Hacker-Gladiator | -4/Extension Commander-Gladiator | -4/Cetus Commander-Gladiator | -4/Archives Hacker-Gladiator | -4/Hub_04(d) Hacker-Gladiator | -3/Research Hacker-Gladiator | -3/Quarantine Resources | -11 -10 -10 -9 -9 -6 -6 -6 -6 -5 -5 -5 -5 -5 -5 -5 -4 -4 -4 -4 -4 -4 -3 -3 ----------- Run | Yrd Mat Sub Rec Scr Fac Low Low Dat Pro Fac Was Fac Upp Upp War Pro Fac Ext Cet Arc Hub Res Qua Matter Collected 1970 | 250 120 233 20 120 193 40 115 . 50 30 37 150 20 10 130 . 20 40 10 . 42 85 255 Remotely . | . . . . . . . . . . . . . . . . . . . . . . . . Salvage Created 15608 | . 1186 533 328 . 781 310 90 . 440 829 . 1630 416 925 446 1379 1314 1613 139 . 1467 536 1246 Parts 463 | . 70 55 4 . 22 9 12 . 4 17 . 35 14 16 3 16 46 41 7 . 29 4 59 Haulers Intercepted 2 | . 2 . . . . . . . . . . . . . . . . . . . . . . Recyclers Shooed 1 | . . . . . . . . . . . . . . . . . . 1 . . . . . Parts Field Recycled . | . . . . . . . . . . . . . . . . . . . . . . . . Retrieved Matter . | . . . . . . . . . . . . . . . . . . . . . . . . Parts Self-Destructed 87 | . . 8 . . . 9 21 . . . . . 20 23 . 6 . . . . . . . Prevented 28 | . . 1 . . . 2 7 . 2 . . . 2 4 . 10 . . . . . . . Parts Restored . | . . . . . . . . . . . . . . . . . . . . . . . . Kills | -11 -10 -10 -9 -9 -6 -6 -6 -6 -5 -5 -5 -5 -5 -5 -5 -4 -4 -4 -4 -4 -4 -3 -3 ------- Run | Yrd Mat Sub Rec Scr Fac Low Low Dat Pro Fac Was Fac Upp Upp War Pro Fac Ext Cet Arc Hub Res Qua Combat Hostiles Destroyed 319 | . 22 19 3 . 25 10 5 . 10 19 . 34 14 16 6 26 25 27 3 . 25 8 22 Melee 154 | . . . . . 17 6 3 . 6 10 . 18 12 11 4 8 14 11 2 . 11 4 17 Guns 7 | . 7 . . . . . . . . . . . . . . . . . . . . . . Cannons 28 | . 12 14 2 . . . . . . . . . . . . . . . . . . . . AOE 7 | . 3 1 . . . . 1 . . 1 . 1 . . . . . . . . . . . Classes Destroyed 28 | . 8 3 1 . 3 3 . . 1 1 . 2 . 1 4 . . . . . . . 1 Worker 7 | . . . . . . . . . . 1 . 3 . . . . . . . . 1 2 . Builder 3 | . 2 . 1 . . . . . . . . . . . . . . . . . . . . Tunneler 1 | . 1 . . . . . . . . . . . . . . . . . . . . . . Hauler 2 | . 2 . . . . . . . . . . . . . . . . . . . . . . Recycler 5 | . 1 . 3 . . . . . . . . . . . . . 1 . . . . . . Minesweeper 3 | . . . . . . 1 . . 1 . . . . 1 . . . . . . . . . Mechanic 2 | . . . . . . . . . . . . 1 . . . . 1 . . . . . . Operator 3 | . 1 . . . . . . . . . . . . . . . 1 . . . 1 . . Drone 3 | . . . . . . . . . 2 . . . . . . 1 . . . . . . . Turret 2 | . . 2 . . . . . . . . . . . . . . . . . . . . . Watcher 14 | . 3 . . . . . . . . 1 . 1 . . . . 2 2 1 . 4 . . Swarmer 33 | . 3 2 . . 9 2 2 . . . . . 7 1 . 2 5 . . . . . . Saboteur 1 | . . . . . . . . . . . . . . . 1 . . . . . . . . Grunt 144 | . 19 . . . 6 5 2 . 4 13 . 14 5 4 2 20 6 19 . . 10 5 10 Brawler 11 | . . . . . 2 . . . 1 1 . . . 4 . 2 . 1 . . . . . Duelist 9 | . . . . . . 1 . . . . . 1 . 3 . . . 2 . . . 2 . Protector 2 | . . . . . . . . . . . . . . 1 . . . . . . 1 . . Researcher 1 | . . . . . . . . . . . . . . . . . . . . . . . 1 Sentry 25 | . . . 3 . 1 1 . . 1 2 . 4 2 1 . 1 1 4 . . 2 1 1 Demolisher 1 | . . . . . . . . . . . . . . . 1 . . . . . . . . Hunter 24 | . . . . . 1 . . . 2 . . 4 . . . . 9 1 . . 3 . 4 Programmer 37 | . . . . . 6 . 1 . . 3 . 9 . 2 . . 4 . . . 6 . 6 Heavy 2 | . . . . . . . . . . . . 1 . . . . . . . . 1 . . Behemoth 1 | . . . . . . . . . . . . . . . 1 . . . . . . . . Cetus Guard 3 | . . . . . . . . . . . . . . . . . . . 3 . . . . Lightning 2 | . . . . . . . . . . . . . . . . . . . . . 2 . . Striker 1 | . . . . . . . . . . . . . . . 1 . . . . . . . . Artisan 1 | . . 1 . . . . . . . . . . . . . . . . . . . . . Subdweller 17 | . . 17 . . . . . . . . . . . . . . . . . . . . . Thug 1 | . . . . . . . . . . . . 1 . . . . . . . . . . . Mutant 1 | . . . . . . 1 . . . . . . . . . . . . . . . . . Best Kill Streak 8 | . 6 2 2 . 4 3 2 . 2 7 . 7 6 8 5 4 6 6 2 . 4 4 3 Combat Bots Only 8 | . 5 2 2 . 4 3 2 . 2 7 . 7 6 8 5 4 3 6 2 . 4 4 3 Max Kills in Single Turn 2 | . 2 1 1 . 1 1 1 . 1 1 . 1 2 2 2 1 1 2 1 . 1 1 1 Gunslinging . | . . . . . . . . . . . . . . . . . . . . . . . . Exploded 2 | . 2 1 . . . . 1 . . 1 . 1 . . . . . . . . . . . Melee 2 | . . . . . 1 1 1 . 1 1 . 1 2 1 2 1 1 2 1 . 1 1 1 Uniques/NPCs Destroyed 1 | . . . . . . . . . . . . . . . . . . . . . . . 1 DW-4LL (-3/Quarantine) Combat | -11 -10 -10 -9 -9 -6 -6 -6 -6 -5 -5 -5 -5 -5 -5 -5 -4 -4 -4 -4 -4 -4 -3 -3 -------- Run | Yrd Mat Sub Rec Scr Fac Low Low Dat Pro Fac Was Fac Upp Upp War Pro Fac Ext Cet Arc Hub Res Qua Hostile Shots Fired 2893 | . 69 78 20 . 323 113 49 . 60 172 1 273 58 68 74 166 241 121 41 . 298 132 536 Missed 1225 | . 20 31 6 . 140 22 18 . 15 92 1 118 27 30 43 74 128 53 27 . 130 65 185 Hits 1668 | . 49 47 14 . 183 91 31 . 45 80 . 155 31 38 31 92 113 68 14 . 168 67 351 Melee 37 | . . . . . 4 3 . . 8 3 . . . 8 2 2 . 5 . . . 2 . Projectile 1631 | . 49 47 14 . 179 88 31 . 37 77 . 155 31 30 29 90 113 63 14 . 168 65 351 AOE 7 | . . 1 . . 1 . . . . 1 . 1 . . 1 . . . . . . 2 . Critical Strikes 80 | . 1 3 1 . 4 5 1 . 2 6 . 2 . 3 . 7 6 9 1 . 18 . 11 Actively Blocked 13 | . . . . . . . . . . . . . . . . . . . . . 2 . 11 Part Disruptions 6 | . . . . . . . . . . 1 . . . . . . . . . . 3 . 2 Damage Taken 15241 | . 623 967 208 . 1688 1014 224 . 554 1140 18 1308 231 367 296 795 601 745 155 . 847 778 2682 Core 9313 | . 491 593 115 . 1089 656 118 . 374 706 9 724 125 254 168 427 301 436 66 . 409 417 1835 Absorbed by Shields 10838 | . . . . . 936 572 224 . 424 920 20 1134 242 389 311 836 650 795 163 . 841 823 1558 Redirected to Core 8310 | . 409 506 115 . 983 574 106 . 352 651 9 678 120 231 138 427 280 414 66 . 355 354 1542 Ignored by Resistances 8421 | . . . . . 167 188 60 . 77 172 6 998 83 252 246 295 832 322 81 . 2973 300 1369 Regen/Repaired (Parts) 105 | . . . . . . . . . . . 2 . . . . . . . . . . . 103 Core Remaining (%) 91 | 100 . . . 100 . . . . 77 . . . . . . 91 . . . . 87 . . Volleys Fired 119 | . 51 53 5 . . . 7 . . . . . . . . . . . . . . 1 2 Largest 3 | . 3 3 2 . . . 1 . . . . . . . . . . . . . . 1 1 Hottest 300 | . 168 168 112 . . . 39 . . . . . . . . . . . . . . 45 300 Shots Fired 290 | . 119 151 10 . . . 7 . . . . . . . . . . . . . . 1 2 Gun 49 | . 48 . . . . . . . . . . . . . . . . . . . . 1 . Cannon 233 | . 71 150 10 . . . . . . . . . . . . . . . . . . . 2 Launcher 7 | . . . . . . . 7 . . . . . . . . . . . . . . . . Special 1 | . . 1 . . . . . . . . . . . . . . . . . . . . . Kinetic . | . . . . . . . . . . . . . . . . . . . . . . . . Thermal 3 | . . 1 . . . . . . . . . . . . . . . . . . . . 2 Explosive . | . . . . . . . . . . . . . . . . . . . . . . . . Electromagnetic 286 | . 119 150 10 . . . 7 . . . . . . . . . . . . . . . . Entropic 1 | . . . . . . . . . . . . . . . . . . . . . . 1 . Robot Hit Streak 23 | . 9 23 6 . . . 4 . . . . . . . . . . . . . . . 6 Robot Miss Streak 3 | . 3 2 1 . . . . . . . . . . . . . . . . . . . . Penetration Max . | . . . . . . . . . . . . . . . . . . . . . . . . Secondary Targets 1 | . 1 . . . . . . . . . . . . . . . . . . . . . . Max Gunslinging Chain 1 | . 1 . . . . . . . . . . . . . . . . . . . . . . Shots Hit Robots 1289 | . 75 102 17 . 79 40 10 . 35 57 6 132 30 69 24 103 90 79 12 . 146 43 140 Core Hits 278 | . 40 34 4 . 17 7 6 . 7 10 . 19 10 17 5 15 20 17 3 . 15 8 24 Critical Kills 42 | . . . . . 2 1 2 . 1 1 . 4 4 2 . 4 8 7 1 . 4 1 . Critical Parts Destroyed 226 | . . . 1 . 20 7 . . 8 17 1 33 8 10 3 24 13 24 3 . 29 9 16 Critical Strikes 293 | . 1 3 1 . 25 9 2 . 10 18 2 38 13 13 4 28 21 31 4 . 35 10 25 Destroy 2 | . . . . . . . . . . . . . . . . . . . . . . . 2 Corrupt 4 | . 1 3 . . . . . . . . . . . . . . . . . . . . . Smash 277 | . . . 1 . 24 8 2 . 10 18 2 38 13 13 4 28 21 31 4 . 35 10 15 Sever 10 | . . . . . 1 1 . . . . . . . . . . . . . . . . 8 Melee Attacks 1465 | . . 15 9 . 102 54 14 . 48 78 6 171 44 87 28 127 128 106 16 . 182 73 177 Impact 1377 | . . . 9 . 91 48 14 . 48 78 6 171 44 87 28 127 128 106 16 . 182 73 121 Slashing 88 | . . 15 . . 11 6 . . . . . . . . . . . . . . . . 56 Piercing . | . . . . . . . . . . . . . . . . . . . . . . . . Sneak Attacks 32 | . . . 6 . . 1 . . 1 1 . 5 . 2 1 . 4 2 . . 5 3 1 Combat Hostiles 7 | . . . . . . . . . . . . . . 1 . . 1 1 . . 4 . . Follow-up Attacks 550 | . . . . . 25 19 5 . 19 22 4 67 14 39 17 56 38 37 7 . 80 26 75 Damage Inflicted 60854 | . 1945 2038 561 . 3479 1932 1015 . 1550 2937 229 6699 1566 3283 1319 5463 4794 3933 466 . 7406 2199 8040 Guns 440 | . 440 . . . . . . . . . . . . . . . . . . . . . . Cannons 3642 | . 1138 1933 171 . . . . . . . . . . . . . . . . . . . 400 Explosions 1029 | . 367 99 . . . . 563 . . . . . . . . . . . . . . . . Melee 55720 | . . . 373 . 3479 1932 452 . 1550 2937 229 6699 1566 3283 1319 5463 4794 3933 466 . 7406 2199 7640 Ramming 23 | . . 6 17 . . . . . . . . . . . . . . . . . . . . Kinetic . | . . . . . . . . . . . . . . . . . . . . . . . . Thermal 950 | . 367 99 . . . . 84 . . . . . . . . . . . . . . . 400 Explosive . | . . . . . . . . . . . . . . . . . . . . . . . . Electromagnetic 4161 | . 1578 1933 171 . . . 479 . . . . . . . . . . . . . . . . Impact 51392 | . . . 373 . 3290 1813 452 . 1550 2937 229 6699 1566 3283 1319 5463 4794 3933 466 . 7406 2199 3620 Slashing 4328 | . . . . . 189 119 . . . . . . . . . . . . . . . . 4020 Piercing . | . . . . . . . . . . . . . . . . . . . . . . . . Highest Corruption 4 | . . . . . 4 . . . . . 4 4 . . . . . . . . 3 . 3 Average Corruption 3 | . . . . . 2 . . . . . 4 3 . . . . . . . . 2 . 2 Corruption Purged 4 | . . . . . . . . . . . . 4 . . . . . . . . . . . Corruption Blocked . | . . . . . . . . . . . . . . . . . . . . . . . . Effects 94 | . . . . . 22 . . . . . 6 45 . . . . . . . . 10 . 11 Message Errors 26 | . . . . . 4 . . . . . 1 14 . . . . . . . . 4 . 3 Matter Fused 27 | . . . . . 4 . . . . . 1 15 . . . . . . . . 4 . 3 Heat Flow Errors 9 | . . . . . 1 . . . . . 3 2 . . . . . . . . 1 . 2 Energy Discharges 8 | . . . . . 3 . . . . . . 4 . . . . . . . . . . 1 Parts Rejected 2 | . . . . . 1 . . . . . . 1 . . . . . . . . . . . Parts Fused 1 | . . . . . 1 . . . . . . . . . . . . . . . . . . Data Loss (minor) 14 | . . . . . 5 . . . . . . 8 . . . . . . . . . . 1 Data Loss (major) 5 | . . . . . 2 . . . . . 1 1 . . . . . . . . 1 . . Alerts 2 | . . . . . 1 . . . . . . . . . . . . . . . . . 1 Overload Shots . | . . . . . . . . . . . . . . . . . . . . . . . . Overflow Damage 16565 | . 30 22 176 . 1123 589 45 . 446 1143 84 2551 509 734 221 1767 1583 1301 153 . 2221 677 1190 Projectiles 104 | . 10 22 . . . . . . . . . . . . . . 72 . . . . . . Explosions 22 | . 20 . . . . . 2 . . . . . . . . . . . . . . . . Melee 16439 | . . . 176 . 1123 589 43 . 446 1143 84 2551 509 734 221 1767 1511 1301 153 . 2221 677 1190 Knockbacks 195 | . . 1 2 . 10 6 2 . 3 12 . 21 4 10 3 27 26 16 . . 28 9 15 Impact 181 | . . 1 2 . 10 5 2 . 3 11 . 19 4 9 3 24 24 13 . . 28 8 15 Kinetic . | . . . . . . . . . . . . . . . . . . . . . . . . Secondary 14 | . . . . . . 1 . . . 1 . 2 . 1 . 3 2 3 . . . 1 . Self-Inflicted Damage 113 | . 64 25 . . . . 24 . . . . . . . . . . . . . . . . Shots 6 | . 2 2 . . . . 2 . . . . . . . . . . . . . . . . Rammed . | . . . . . . . . . . . . . . . . . . . . . . . . Targets Rammed 3 | . 1 1 1 . . . . . . . . . . . . . . . . . . . . Kicked 3 | . 1 1 1 . . . . . . . . . . . . . . . . . . . . Crushed . | . . . . . . . . . . . . . . . . . . . . . . . . Highest Temperature 546 | . 285 442 78 . 137 16 . . . 20 266 213 . . . 7 2 143 . . 151 6 546 Average Temperature 142 | . 68 48 42 . 54 6 . . . 8 104 84 . . . 7 1 68 . . 76 3 398 Received Heat Transfer 3755 | . 303 803 63 . 286 377 4 . 110 239 . 233 48 49 32 242 81 443 8 . 105 136 193 Effects 45 | . 3 1 . . . . . . . . . . . . . . . . . . . . 41 Shutdowns 14 | . . . . . . . . . . . . . . . . . . . . . . . 14 Energy Bleed 3 | . . . . . . . . . . . . . . . . . . . . . . . 3 Interference 7 | . 3 . . . . . . . . . . . . . . . . . . . . . 4 Matter Decay 3 | . . 1 . . . . . . . . . . . . . . . . . . . . 2 Short Circuit 1 | . . . . . . . . . . . . . . . . . . . . . . . 1 Damage (minor) 1 | . . . . . . . . . . . . . . . . . . . . . . . 1 Damage (major) 14 | . . . . . . . . . . . . . . . . . . . . . . . 14 Damage (core) 2 | . . . . . . . . . . . . . . . . . . . . . . . 2 Siege Activations . | . . . . . . . . . . . . . . . . . . . . . . . . Martial Activations . | . . . . . . . . . . . . . . . . . . . . . . . . Shielding Activations . | . . . . . . . . . . . . . . . . . . . . . . . . Robots Disrupted . | . . . . . . . . . . . . . . . . . . . . . . . . Combat Hostiles . | . . . . . . . . . . . . . . . . . . . . . . . . Robots Corrupted 134 | . . 4 4 . 8 5 1 . 4 8 . 17 2 5 2 19 13 16 1 . 14 5 6 Combat Hostiles 124 | . . 4 1 . 8 4 1 . 4 8 . 15 2 5 2 19 11 16 1 . 14 4 5 Parts Fried 193 | . 10 13 6 . 9 5 . . 7 11 . 15 7 13 2 19 24 12 . . 20 8 12 Impact Corruptions 539 | . . . 9 . 44 17 3 . 14 32 2 86 17 27 7 54 52 35 4 . 79 23 34 Robots Melted . | . . . . . . . . . . . . . . . . . . . . . . . . Combat Hostiles . | . . . . . . . . . . . . . . . . . . . . . . . . Parts Melted 6 | . 1 . . . . . . . . . . . . . 3 . . 1 . . . . 1 Heat Transferred 750 | . 550 100 . . . . 100 . . . . . . . . . . . . . . . . Parts Sabotaged . | . . . . . . . . . . . . . . . . . . . . . . . . Parts Stolen . | . . . . . . . . . . . . . . . . . . . . . . . . Parts Stripped . | . . . . . . . . . . . . . . . . . . . . . . . . Power Chain Reactions 11 | . 7 3 . . . . 1 . . . . . . . . . . . . . . . . Alert | -11 -10 -10 -9 -9 -6 -6 -6 -6 -5 -5 -5 -5 -5 -5 -5 -4 -4 -4 -4 -4 -4 -3 -3 ------- Run | Yrd Mat Sub Rec Scr Fac Low Low Dat Pro Fac Was Fac Upp Upp War Pro Fac Ext Cet Arc Hub Res Qua Maximum Alert Level 4 | . 2 . . . 1 . . . . 3 1 4 . . . . 1 4 3 1 1 . . Low Security (%) 59 | 100 57 . 100 . 49 . . . . . 41 12 . . . . 58 29 . 91 52 100 100 Level 1 18 | . 42 . . . 50 . . . . 2 58 . . . . . 41 26 . 8 47 . . Level 2 6 | . . . . . . . . . . 71 . 1 . . . . . 18 46 . . . . Level 3 13 | . . . . . . . . . . 26 . 71 . . . . . 21 53 . . . . Level 4 2 | . . . . . . . . . . . . 14 . . . . . 3 . . . . . Level 5 . | . . . . . . . . . . . . . . . . . . . . . . . . High Security . | . . . . . . . . . . . . . . . . . . . . . . . . Max Security . | . . . . . . . . . . . . . . . . . . . . . . . . Peak Influence 1234 | . 401 . 114 . 340 . . . . 900 238 1234 . . . . 381 1109 798 300 335 169 186 Initial 900 | . . . 74 . . . . . . 900 233 112 . . . . 87 182 613 300 28 169 30 Average 273 | . 175 . 31 . 185 . . . . 628 203 896 . . . . 166 436 704 36 190 35 45 Influence Increases 13707 | . 821 305 271 . 793 222 547 . 240 1586 57 2146 320 522 120 640 899 1735 365 80 1052 274 712 Destroy 0b10 Robot/C 7240 | . 440 80 60 . 500 180 360 . 160 380 . 1020 280 400 120 500 580 820 160 40 560 160 440 Destroy 0b10 Robot/NC 285 | . 50 . 20 . . 5 . . 15 10 . 55 . 15 . 15 25 20 10 . 35 10 . Destroy Leader 1138 | . 100 . . . 130 20 50 . 20 72 . 208 10 40 . 50 114 86 . . 148 30 60 Allied During Kill 1755 | . . . . . . 2 107 . . . . 531 . 52 . . 18 756 170 40 79 . . Successful Hack 227 | . 14 . 21 . 56 . . . . 10 . 16 . . . . 8 . 3 . . 21 78 Select Force Hacks 450 | . 130 . 170 . . . . . . . . . . . . . . . . . 150 . . Disable Machine 285 | . 30 . . . . . . . . . . 75 . . . . 105 . . . . 30 45 Destroy Structure 317 | . 27 . . . 2 . . . . 4 42 136 . . . . 4 38 22 . 20 8 14 Advance Influence 900 | . . . . . . . . . . 900 . . . . . . . . . . . . . Partial Spotted 30 | . . . . . . . . . . . 15 . . . . . . . . . . . 15 Lose Combat Pursuer 1080 | . 30 225 . . 105 15 30 . 45 210 . 105 30 15 . 75 45 15 . . 60 15 60 Influence Decreases 13521 | . 438 532 411 16 493 522 496 51 240 918 565 1208 949 616 405 591 666 1010 710 752 808 544 580 Entered New Map 3299 | . . 185 82 16 . 111 . 51 . . 435 48 407 90 375 90 52 190 484 452 52 155 24 Time Decay 8109 | . 438 347 329 . 473 401 436 . 240 458 130 650 542 506 30 501 425 440 206 300 458 389 410 Search Patrol Dispatched 300 | . . . . . . . . . . 300 . . . . . . . . . . . . . Lost Part 40 | . . . . . 20 10 . . . 10 . . . . . . . . . . . . . Lost Ally 424 | . . . . . . . 60 . . . . 210 . 20 . . 34 80 20 . . . . Purge Threat 1349 | . . . . . . . . . . 150 . 300 . . . . 155 300 . . 298 . 146 Squads Dispatched 59 | . 6 . . . 5 . . . . 3 . 16 . 1 . . 4 5 . . 8 7 4 Investigation 15 | . 6 . . . . . . . . . . . . . . . 1 1 . . 4 3 . Extermination 19 | . . . . . 4 . . . . 2 . 5 . . . . 2 . . . 3 . 3 Reinforcement 15 | . . . . . 1 . . . . 1 . 5 . . . . 1 1 . . 1 4 1 Assault 7 | . . . . . . . . . . . . 3 . 1 . . . 3 . . . . . Garrison 3 | . . . . . . . . . . . . 3 . . . . . . . . . . . Intercept . | . . . . . . . . . . . . . . . . . . . . . . . . Searches Triggered 3 | . . . . . . . . . . 3 . . . . . . . . . . . . . Unchained Authorized 1 | . . . . . . . . . . . . . . . . . . . . . . . 1 Data Miner Redirects 1 | . . . . . . . . . . . . 1 . . . . . . . . . . . Construction Impeded . | . . . . . . . . . . . . . . . . . . . . . . . . Haulers Reinforced 3 | . . . . . . . . . . . . 1 . . . . 1 . . . . 1 . Active Scanning Responses . | . . . . . . . . . . . . . . . . . . . . . . . . Cargo Convoy Interrupts . | . . . . . . . . . . . . . . . . . . . . . . . . Stealth | -11 -10 -10 -9 -9 -6 -6 -6 -6 -5 -5 -5 -5 -5 -5 -5 -4 -4 -4 -4 -4 -4 -3 -3 --------- Run | Yrd Mat Sub Rec Scr Fac Low Low Dat Pro Fac Was Fac Upp Upp War Pro Fac Ext Cet Arc Hub Res Qua Distress Signals 24 | . 3 . . . 2 . . . 1 2 . 1 . . . . 2 3 2 . 1 6 1 Communications Jammed . | . . . . . . . . . . . . . . . . . . . . . . . . Distress Signals . | . . . . . . . . . . . . . . . . . . . . . . . . Times Spotted 610 | . 33 30 3 . 31 13 21 . 16 44 6 74 19 21 50 29 40 48 10 . 44 34 44 Peak Tracking Total 15 | . 7 4 2 . 5 5 4 . 4 7 3 8 7 9 15 5 6 7 5 . 6 8 7 Tactical Retreats 46 | . 2 5 . . 6 1 1 . 2 7 . 5 1 1 . 4 2 1 . . 3 1 4 Traps | -11 -10 -10 -9 -9 -6 -6 -6 -6 -5 -5 -5 -5 -5 -5 -5 -4 -4 -4 -4 -4 -4 -3 -3 ------- Run | Yrd Mat Sub Rec Scr Fac Low Low Dat Pro Fac Was Fac Upp Upp War Pro Fac Ext Cet Arc Hub Res Qua Traps Triggered 13 | . 1 1 . . . . . . . 3 . 4 . . . . . 1 . . . . 3 Indirectly . | . . . . . . . . . . . . . . . . . . . . . . . . Trap Hack Attempts . | . . . . . . . . . . . . . . . . . . . . . . . . Triggered . | . . . . . . . . . . . . . . . . . . . . . . . . Disarmed 5 | . 5 . . . . . . . . . . . . . . . . . . . . . . Reprogrammed . | . . . . . . . . . . . . . . . . . . . . . . . . Reused . | . . . . . . . . . . . . . . . . . . . . . . . . Traps Extracted . | . . . . . . . . . . . . . . . . . . . . . . . . Installed . | . . . . . . . . . . . . . . . . . . . . . . . . Triggered . | . . . . . . . . . . . . . . . . . . . . . . . . Machines | -11 -10 -10 -9 -9 -6 -6 -6 -6 -5 -5 -5 -5 -5 -5 -5 -4 -4 -4 -4 -4 -4 -3 -3 ---------- Run | Yrd Mat Sub Rec Scr Fac Low Low Dat Pro Fac Was Fac Upp Upp War Pro Fac Ext Cet Arc Hub Res Qua Machines Disabled 26 | . 2 3 . . . 1 . . . . . 5 . 1 1 . 7 . . . . 3 3 Max in Single Turn 3 | . 1 1 . . . 1 . . . . . . . . . . 1 . . . . 3 1 Network Hub 3 | . . . . . . . . . . . . . . . . . . . . . 3 . . Machines Repaired . | . . . . . . . . . . . . . . . . . . . . . . . . Machines Dismantled . | . . . . . . . . . . . . . . . . . . . . . . . . Machines Sabotaged 6 | . 2 . 1 . . . . . . . . . . . . . . . . . 3 . . Overloaded Fab Kills . | . . . . . . . . . . . . . . . . . . . . . . . . Hacking | -11 -10 -10 -9 -9 -6 -6 -6 -6 -5 -5 -5 -5 -5 -5 -5 -4 -4 -4 -4 -4 -4 -3 -3 --------- Run | Yrd Mat Sub Rec Scr Fac Low Low Dat Pro Fac Was Fac Upp Upp War Pro Fac Ext Cet Arc Hub Res Qua Machines Accessed 74 | . 8 2 9 . 8 . 2 4 . 3 . 6 1 . 3 . 6 3 2 1 5 3 8 Terminals 50 | . 7 . 5 . 8 . . . . 2 . 4 . . . . 5 2 2 . 5 2 8 Fabricators 3 | . . . . . . . . . . . . 2 . . . . 1 . . . . . . Repair Stations . | . . . . . . . . . . . . . . . . . . . . . . . . Recycling Units 7 | . 1 . 4 . . . . . . . . . . . . . . 1 . . . 1 . Scanalyzers 1 | . . . . . . . . . . 1 . . . . . . . . . . . . . Garrison Access . | . . . . . . . . . . . . . . . . . . . . . . . . Total Hacks 261 | . 22 4 20 . 22 . 2 32 . 8 . 24 1 . 3 . 18 11 5 25 17 13 34 Successful 180 | . 17 4 16 . 9 . 2 32 . 5 . 10 1 . 3 . 9 7 4 25 13 6 17 Failed 81 | . 5 . 4 . 13 . . . . 3 . 14 . . . . 9 4 1 . 4 7 17 Catastrophic 16 | . . . . . 3 . . . . . . 2 . . . . 2 . . . 1 3 5 Database Lockouts . | . . . . . . . . . . . . . . . . . . . . . . . . Manual 119 | . 14 . 13 . 16 . . . . 4 . 15 . . 1 . 13 9 1 . 16 6 11 Terminals 168 | . 18 . 12 . 22 . . . . 6 . 17 . . . . 16 9 5 . 17 12 34 Fabricators 9 | . . . . . . . . . . . . 7 . . . . 2 . . . . . . Repair Stations . | . . . . . . . . . . . . . . . . . . . . . . . . Recycling Units 15 | . 4 . 8 . . . . . . . . . . . . . . 2 . . . 1 . Scanalyzers 2 | . . . . . . . . . . 2 . . . . . . . . . . . . . Garrison Access . | . . . . . . . . . . . . . . . . . . . . . . . . Terminal Hacks 120 | . 7 4 2 . 2 . 2 32 . 1 . 4 1 . 3 . 4 3 4 25 6 5 15 Record 52 | . . 3 . . . . 1 11 . . . . 1 . 2 . . . 3 25 . 1 5 Part Schematic 11 | . . . . . . . . 11 . . . . . . . . . . . . . . . Robot Schematic 7 | . . . . . . . . 7 . . . . . . . . . . . . . . . Robot Analysis 1 | . 1 . . . . . . . . . . . . . . . . . . . . . . Prototype ID Bank 11 | . 4 . 2 . . . . 3 . . . . . . . . . . . . . 1 1 Open Door 3 | . . . . . . . 1 . . . . . . . 1 . . . 1 . . . . Level Access Points 2 | . . . . . . . . . . . . . . . . . . . . . 1 . 1 Branch Access Points 5 | . . . . . 1 . . . . . . 1 . . . . 1 . . . . 1 1 Terminal Index 5 | . . . . . 1 . . . . . . 1 . . . . 1 . . . 1 . 1 Alert Level 2 | . . . . . . . . . . . . . . . . . . . . . 1 . 1 Unreport Threat 12 | . . . . . . . . . . 1 . 2 . . . . 2 2 . . 2 . 3 Locate Traps 3 | . . . . . . . . . . . . . . . . . . 1 . . 1 1 . Disarm Traps 1 | . 1 . . . . . . . . . . . . . . . . . . . . . . Registered Components 3 | . 1 . . . . . . . . . . . . . . . . . . . . 1 1 Zone Layout 1 | . . . . . . . . . . . . . . . . . . . . . . . 1 Proto ID Catalog 1 | . . 1 . . . . . . . . . . . . . . . . . . . . . Fabricator Hacks 4 | . . . . . . . . . . . . 2 . . . . 2 . . . . . . Load Schematic 3 | . . . . . . . . . . . . 2 . . . . 1 . . . . . . Build 1 | . . . . . . . . . . . . . . . . . 1 . . . . . . Repair Station Hacks . | . . . . . . . . . . . . . . . . . . . . . . . . Recycling Unit Hacks 6 | . 1 . 4 . . . . . . . . . . . . . . 1 . . . . . Report Inventory 6 | . 1 . 4 . . . . . . . . . . . . . . 1 . . . . . Scanalyzer 2 | . . . . . . . . . . 2 . . . . . . . . . . . . . Insert Component 1 | . . . . . . . . . . 1 . . . . . . . . . . . . . Analyze 1 | . . . . . . . . . . 1 . . . . . . . . . . . . . Garrison Access Hacks . | . . . . . . . . . . . . . . . . . . . . . . . . Unauthorized Hacks 48 | . 9 . 10 . 7 . . . . 2 . 4 . . . . 3 3 . . 7 1 2 Terminals 41 | . 8 . 6 . 7 . . . . 2 . 4 . . . . 3 2 . . 7 . 2 Botnet 33 | . 6 . 4 . 7 . . . . 2 . 4 . . . . 3 2 . . 3 . 2 Sabotage 8 | . 2 . 2 . . . . . . . . . . . . . . . . . 4 . . Fabricators . | . . . . . . . . . . . . . . . . . . . . . . . . Repair Stations . | . . . . . . . . . . . . . . . . . . . . . . . . Recycling Units 7 | . 1 . 4 . . . . . . . . . . . . . . 1 . . . 1 . Tunnel 5 | . 1 . 4 . . . . . . . . . . . . . . . . . . . . Fedlink 2 | . . . . . . . . . . . . . . . . . . 1 . . . 1 . Scanalyzers . | . . . . . . . . . . . . . . . . . . . . . . . . Garrison Access . | . . . . . . . . . . . . . . . . . . . . . . . . Data Cores Recovered 3 | . 1 . . . . . . . . . . . . . . . 1 . . . 1 . . Used 2 | . 1 . . . . . . . . . . . . . . . 1 . . . . . . Hacking Detections 32 | . 4 . 2 . 7 . . . . 1 . 6 . . . . 6 2 . . 2 . 2 Full Trace Events 3 | . 2 . . . . . . . . . . . . . . . 1 . . . . . . Feedback Events . | . . . . . . . . . . . . . . . . . . . . . . . . Feedback Blocked . | . . . . . . . . . . . . . . . . . . . . . . . . Robot Schematics Acquired 8 | . . . . . . . . 7 . . . . . . . . . . . . . . 1 Robots Built 2 | . . . . . . . . . . . . . . . . . 2 . . . . . . Authchips . | . . . . . . . . . . . . . . . . . . . . . . . . Time 152 | . . . . . . . . . . . . . . . . . 152 . . . . . . Total Robot Build Rating 10 | . . . . . . . . . . . . . . . . . 10 . . . . . . Part Schematics Acquired 14 | . . . . . . . . 11 . 1 . . . . . . . . . . . . 2 Parts Built . | . . . . . . . . . . . . . . . . . . . . . . . . Authchips . | . . . . . . . . . . . . . . . . . . . . . . . . Time . | . . . . . . . . . . . . . . . . . . . . . . . . Total Part Build Rating . | . . . . . . . . . . . . . . . . . . . . . . . . Part Studies Acquired . | . . . . . . . . . . . . . . . . . . . . . . . . Parts Repaired . | . . . . . . . . . . . . . . . . . . . . . . . . Time . | . . . . . . . . . . . . . . . . . . . . . . . . Parts Recycled . | . . . . . . . . . . . . . . . . . . . . . . . . Recycled Matter . | . . . . . . . . . . . . . . . . . . . . . . . . Retrieved Matter . | . . . . . . . . . . . . . . . . . . . . . . . . Retrieved Components . | . . . . . . . . . . . . . . . . . . . . . . . . Parts Scanalyzed 1 | . . . . . . . . . . 1 . . . . . . . . . . . . . Part Schematics Acquired 1 | . . . . . . . . . . 1 . . . . . . . . . . . . . Parts Damaged . | . . . . . . . . . . . . . . . . . . . . . . . . Bothacking | -11 -10 -10 -9 -9 -6 -6 -6 -6 -5 -5 -5 -5 -5 -5 -5 -4 -4 -4 -4 -4 -4 -3 -3 ------------ Run | Yrd Mat Sub Rec Scr Fac Low Low Dat Pro Fac Was Fac Upp Upp War Pro Fac Ext Cet Arc Hub Res Qua Used RIF Installer . | . . . . . . . . . . . . . . . . . . . . . . . . Robots Hacked . | . . . . . . . . . . . . . . . . . . . . . . . . Non-combat . | . . . . . . . . . . . . . . . . . . . . . . . . Combat . | . . . . . . . . . . . . . . . . . . . . . . . . Robot Hacks Applied . | . . . . . . . . . . . . . . . . . . . . . . . . Relay Couplers Released . | . . . . . . . . . . . . . . . . . . . . . . . . Fabnet Peak Effective % . | . . . . . . . . . . . . . . . . . . . . . . . . Robots Rewired 21 | . . . . . . 5 . . . . . . 2 2 . . . 12 . . . . . Allies Hacked . | . . . . . . . . . . . . . . . . . . . . . . . . Hacks Repelled . | . . . . . . . . . . . . . . . . . . . . . . . . Allies | -11 -10 -10 -9 -9 -6 -6 -6 -6 -5 -5 -5 -5 -5 -5 -5 -4 -4 -4 -4 -4 -4 -3 -3 -------- Run | Yrd Mat Sub Rec Scr Fac Low Low Dat Pro Fac Was Fac Upp Upp War Pro Fac Ext Cet Arc Hub Res Qua Total Allies 53 | . . . . . . 5 . . . . 19 . 2 2 . . 2 18 5 . . . . Largest Group 19 | . . . . . . 5 5 . . . 19 19 2 2 2 . 2 13 17 16 1 . . Highest-Rated Group 1082 | . . . . . . 136 136 . . . 702 702 79 79 79 . 82 648 1082 1029 96 . . Highest-Rated Ally 159 | . . . . . . 29 29 . . . 50 50 49 49 49 . 41 159 159 152 96 . . Initial UFD Resources 54 | . . . . . 24 24 24 24 28 28 28 28 28 28 28 32 32 32 42 42 42 44 54 Total Orders 2 | . . . . . . . . . . . . . . . . . . . . 2 . . . FOLLOW 1 | . . . . . . . . . . . . . . . . . . . . 1 . . . GUARD 1 | . . . . . . . . . . . . . . . . . . . . 1 . . . Ally Attacks 602 | . . . . . . . 62 . . . 49 182 . 38 2 . 19 159 51 15 25 . . Total Damage 16510 | . . . . . . . 777 . . . 1373 4748 . 1248 71 . 732 4202 1738 547 1074 . . Kills 82 | . . . . . . . 13 . . . 3 26 . 5 . . 4 17 7 2 5 . . Allies Corrupted 4 | . . . . . . . . . . . . 2 . . . . . 2 . . . . . Allies Melted . | . . . . . . . . . . . . . . . . . . . . . . . . Intel | -11 -10 -10 -9 -9 -6 -6 -6 -6 -5 -5 -5 -5 -5 -5 -5 -4 -4 -4 -4 -4 -4 -3 -3 ------- Run | Yrd Mat Sub Rec Scr Fac Low Low Dat Pro Fac Was Fac Upp Upp War Pro Fac Ext Cet Arc Hub Res Qua Active Infowar (turns) 1676 | . . 1593 48 . 33 . . . . . . . . . 1 . . 1 . . . . . Optics 1 | . . . . . . . . . . . . . . . 1 . . . . . . . . Sensors 1 | . . . . . . . . . . . . . . . . . . 1 . . . . . Triangulation 33 | . . . . . 33 . . . . . . . . . . . . . . . . . . Cloaking 1641 | . . 1593 48 . . . . . . . . . . . . . . . . . . . . Robot Analysis Total 1 | . 1 . . . . . . . . . . . . . . . . . . . . . . Derelict Logs Recovered 12 | . . 2 . . . 2 3 . 2 . . . 1 1 . 1 . . . . . . . Drone Launches . | . . . . . . . . . . . . . . . . . . . . . . . . Drone Recoveries . | . . . . . . . . . . . . . . . . . . . . . . . . Exploration | -11 -10 -10 -9 -9 -6 -6 -6 -6 -5 -5 -5 -5 -5 -5 -5 -4 -4 -4 -4 -4 -4 -3 -3 ------------- Run | Yrd Mat Sub Rec Scr Fac Low Low Dat Pro Fac Was Fac Upp Upp War Pro Fac Ext Cet Arc Hub Res Qua Turns Passed 34290 | 57 1170 3206 1369 2168 1739 1682 1529 181 1708 1146 262 2389 1557 1360 1065 1567 1715 1098 433 2678 1155 1433 1623 Spaces Moved 21090 | 67 930 1899 1041 1609 1057 1051 1120 95 1056 797 170 1596 1148 935 725 1155 909 667 291 72 705 967 1028 Core 24 | 24 . . . . . . . . . . . . . . . . . . . . . . . Treads . | . . . . . . . . . . . . . . . . . . . . . . . . Legs 20359 | . 266 1899 1041 1609 1057 1051 1120 95 1056 797 170 1596 1148 935 725 1155 909 667 291 72 705 967 1028 Wheels 707 | 43 664 . . . . . . . . . . . . . . . . . . . . . . Hover . | . . . . . . . . . . . . . . . . . . . . . . . . Flight . | . . . . . . . . . . . . . . . . . . . . . . . . Fastest Speed 50 | 50 80 120 126 126 117 117 117 192 117 118 118 118 118 118 113 113 113 113 113 113 113 112 113 Average Speed 122 | 73 92 145 126 132 123 139 127 192 142 118 118 118 118 118 116 113 113 113 113 113 113 113 114 Slowest Speed 260 | 100 190 260 126 200 196 192 192 192 192 192 188 118 118 118 190 113 113 178 113 113 182 180 174 Overloaded Moves . | . . . . . . . . . . . . . . . . . . . . . . . . Propulsion Burnouts . | . . . . . . . . . . . . . . . . . . . . . . . . Robots Hopped . | . . . . . . . . . . . . . . . . . . . . . . . . Potential Cave-ins 2 | . . . . . . . . . . . . . . . 2 . . . . . . . . Cave-ins Triggered 1 | . . . . . . . . . . . . . . . . . . . . . . 1 . Exploration Rate (%) 68 | 4 97 93 99 83 27 87 92 69 95 25 79 34 96 92 76 95 22 75 86 70 42 33 64 Regions Visited 23 Branch Regions 16 Pre-discovered Areas 10 | . 1 . 4 1 . 2 . 1 . . . . . . . 1 . . . . . . . Known Exits Taken 11 | . . . . . 1 . . . . . . 1 . 1 1 1 1 1 1 1 1 1 . Unknown Exits Taken 10 | 1 1 1 1 1 . 1 1 1 1 . . . 1 . . . . . . . . . . Scrap Searched 36 | . . 13 . 6 . 3 3 . 3 . . . 3 4 . 1 . . . . . . . Spaces Dug 28 | . . 4 . . 2 . 5 . 1 2 . 4 . . . . 2 . . . . 4 4 Terrain Destroyed 63 | . 26 10 . . 2 . 5 . 1 2 . 4 . . . . 2 . . . . 5 6 Melee 23 | . . 4 . . 2 . . . 1 2 . 4 . . . . 2 . . . . 4 4 Projectile 3 | . . . . . . . . . . . . . . . . . . . . . . 1 2 AOE 37 | . 26 6 . . . . 5 . . . . . . . . . . . . . . . . Terrain Rammed . | . . . . . . . . . . . . . . . . . . . . . . . . Walls Destroyed . | . . . . . . . . . . . . . . . . . . . . . . . . Machines Disabled . | . . . . . . . . . . . . . . . . . . . . . . . . Actions | -11 -10 -10 -9 -9 -6 -6 -6 -6 -5 -5 -5 -5 -5 -5 -5 -4 -4 -4 -4 -4 -4 -3 -3 --------- Run | Yrd Mat Sub Rec Scr Fac Low Low Dat Pro Fac Was Fac Upp Upp War Pro Fac Ext Cet Arc Hub Res Qua Total 27670 | 72 1138 2209 1074 1641 1346 1204 1195 94 1208 909 224 1924 1305 1109 922 1292 1452 895 378 2668 878 1232 1301 Wait 4785 | . 106 175 1 . 177 61 5 . 108 40 25 153 96 92 149 49 444 76 66 2597 80 157 128 Move 21064 | 66 929 1898 1040 1608 1055 1050 1119 94 1055 796 169 1595 1147 934 724 1154 907 665 290 71 704 966 1028 Hop . | . . . . . . . . . . . . . . . . . . . . . . . . Pick Up 14 | . 2 2 . 3 2 . 1 . 1 . . . . 1 . . . . . . . 1 1 Fast Attach 102 | 5 10 6 2 15 10 3 2 . 4 1 3 3 1 . 10 . 2 5 . . 3 7 10 Attach 13 | . 1 . . 1 3 1 . . . 1 . . 1 1 2 . . . . . . . 2 Detach 25 | . 1 2 . . 3 1 . . 1 2 . 1 1 . 10 . . . . . 1 . 2 Swap 23 | . 1 9 . . . . 6 . 1 1 . 1 . . 1 . . . . . . 2 1 Drop 79 | 1 7 5 2 14 5 3 1 . 3 3 2 . . . 7 . 2 5 . . . 7 12 Fire 119 | . 51 53 5 . . . 7 . . . . . . . . . . . . . . 1 2 Melee 638 | . . 15 9 . 62 28 7 . 23 38 2 71 18 33 9 47 56 45 6 . 70 28 71 Ram . | . . . . . . . . . . . . . . . . . . . . . . . . Kick 3 | . 1 1 1 . . . . . . . . . . . . . . . . . . . . Crush . | . . . . . . . . . . . . . . . . . . . . . . . . Escape Stasis 24 | . . . . . 1 . . . . 6 . 5 . . . . 1 11 . . . . . Rewire 117 | . . . . . . 24 . . . . . . 12 28 2 . . 51 . . . . . Trap . | . . . . . . . . . . . . . . . . . . . . . . . . Miscellaneous 664 | . 29 43 14 . 28 33 47 . 12 21 23 95 29 20 8 42 40 37 16 . 20 63 44 Route ------- -11/Scrapyard -10/Materials (discovered 5 exits: [*Mat x3] / [*Min] / *Sub) -10/Subcaves (discovered 3 exits: [*Mat x2] / *Rec) -9/Recycling (discovered 2 exits: [*Fac] / [*Scr]) -9/Scraptown (discovered 2 exits: *Fac x2) -6/Factory (discovered 2 exits: *Low x2) -6/Lower Caves -6/Lower Caves (discovered 2 exits: *Fac / *Dat) -6/Data Miner -5/Proximity Caves -5/Factory (discovered 4 exits: *Fac x2 / Upp x2) -5/Waste -5/Factory (discovered 4 exits: *Fac x2 / *Upp x2) -5/Upper Caves -5/Upper Caves (discovered 2 exits: *Fac / *War) -5/Warlord -4/Proximity Caves -4/Factory (discovered 5 exits: Upp x2 / *Ext x2 / Arm) -4/Extension (discovered 2 exits: *Res / *Cet) -4/Cetus (discovered 2 exits: *Res / *Arc) -4/Archives -4/Hub_04(d) (discovered 4 exits: *Res x4) -3/Research (discovered 3 exits: *Res / *Qua x2) -3/Quarantine (discovered 1 exit: *Res) History --------- Turn | Location | Event 1 | -11/Scrapyard | Upgraded with Propulsion slot (x1) 1 | -11/Scrapyard | Upgraded with Weapon slot (x1) 16 | -11/Scrapyard | Discovered new exit (range 16) 58 | -11/Scrapyard | Entered Materials 315 | -10/Materials | Upgraded with Weapon slot (x1) 325 | -10/Materials | Upgraded with Utility slot (x1) 436 | -10/Materials | Discovered new exit (range 16) 603 | -10/Materials | Build established: Gunner 634 | -10/Materials | Reached level 2 638 | -10/Materials | Upgraded with Power slot (x1) 713 | -10/Materials | Discovered new exit (range 15) 782 | -10/Materials | Discovered new exit (range 12) 859 | -10/Materials | Discovered new exit (range 9) 965 | -10/Materials | Build established: Scavenger-Gunner 993 | -10/Materials | Discovered new exit (range 15) 1159 | -10/Materials | Reached level 3 1228 | -10/Materials | Entered Subcaves 1250 | -10/Subcaves | Shifting Twisted Machinery released Sub. Beam Cannon 1313 | -10/Subcaves | Discovered new exit (range 9) 1375 | -10/Subcaves | Ambushed by angry Subdweller bent on revenge 1406 | -10/Subcaves | Shifting Twisted Machinery released Sub. Machine Gun 1437 | -10/Subcaves | Shifting Twisted Machinery released Scrap Shield 1441 | -10/Subcaves | Upgraded with Utility slot (x1) 1666 | -10/Subcaves | Shifting Twisted Machinery released Battle Rifle 1677 | -10/Subcaves | Shifting Twisted Machinery released Mak. Power Source 1742 | -10/Subcaves | Build established: Gunner 2159 | -10/Subcaves | Learned 2 Materials zone layouts 2531 | -10/Subcaves | Learned 2 Materials zone layouts 2728 | -10/Subcaves | Upgraded with Propulsion slot (x1) 2906 | -10/Subcaves | Discovered new exit (range 14) 2910 | -10/Subcaves | Reached level 4 3006 | -10/Subcaves | Build established: Scavenger-Gunner 3643 | -10/Subcaves | Visited Clippyterm 3647 | -10/Subcaves | Learned Research security intel 3694 | -10/Subcaves | Discovered new exit (range 13) 3898 | -10/Subcaves | Visited 4L-MR0's lab 3917 | -10/Subcaves | Found Rainbow Chip 4120 | -10/Subcaves | Disturbed a concealed Subdweller 4213 | -10/Subcaves | Build established: Scavenger-Mutant 4434 | -10/Subcaves | Entered Recycling 4446 | -9/Recycling | Reached level 5 4892 | -9/Recycling | Build established: Scavenger-Gladiator 4909 | -9/Recycling | Discovered new exit (range 15) 5500 | -9/Recycling | Build established: Hacker-Gladiator 5769 | -9/Recycling | Scanned before Scraplab entrance 5788 | -9/Recycling | Entered Scraplab 5798 | -9/Recycling | Discovered new exit (range 4) 5803 | -9/Recycling | Entered Scraptown 5805 | -9/Scraptown | Reached level 6 6072 | -9/Scraptown | Visited UFD Registry 6072 | -9/Scraptown | Registered with UFD as "Pipemech" 6182 | -9/Scraptown | Delivered Scrap Shield to a Scientist 6308 | -9/Scraptown | Visited Analyses Database 6330 | -9/Scraptown | Visited Botcube Research 6353 | -9/Scraptown | Visited Derelict Rescue Squad 6373 | -9/Scraptown | Visited LU-1G1's Boring Crew 6414 | -9/Scraptown | Visited TADAMA 6445 | -9/Scraptown | Visited Red Mages 6477 | -9/Scraptown | Learned location of Extension (-4) 6484 | -9/Scraptown | Upgraded with Weapon slot (x1) 6691 | -9/Scraptown | Upgraded with Utility slot (x1) 6740 | -9/Scraptown | Attached Rainbow Chip, gained temporary slots: Power, Propulsion, Utility, Weapon 6983 | -9/Scraptown | Visited Junk Repository 7085 | -9/Scraptown | Discovered new exit (range 13) 7262 | -9/Scraptown | Visited Comm Corps 7457 | -9/Scraptown | Visited Junk Repository 7504 | -9/Scraptown | Visited Research Penetration Think Tank 7527 | -9/Scraptown | Visited Scrapoid Pod Storage 7552 | -9/Scraptown | Visited Curators Association 7610 | -9/Scraptown | Visited Cartography Club 7680 | -9/Scraptown | Visited DA-N13 Charitable Foundation 7702 | -9/Scraptown | Found DCF Scrap (28 items) 7855 | -9/Scraptown | Discovered new exit (range 5) 7971 | -9/Scraptown | Entered Factory 7973 | -6/Factory | Reached level 7 7973 | -6/Factory | Upgraded with Utility slot (x1) 8361 | -6/Factory | Core integrity fell below 50% 8612 | -6/Factory | Reached level 8 9248 | -6/Factory | Reached level 9 9314 | -6/Factory | Identified exit to Lower Caves 9325 | -6/Factory | Spotted B-75 Beast 9710 | -6/Factory | Entered Lower Caves 9712 | -6/Lower Caves | UFD Scientist delivered a prototype 9780 | -6/Lower Caves | Found Prototype Protection 9780 | -6/Lower Caves | Identified Enh. Scrap Shield 10083 | -6/Lower Caves | Reached level 10 10086 | -6/Lower Caves | Upgraded with Utility slot (x1) 10314 | -6/Lower Caves | Encountered a Warlord checkpoint 10706 | -6/Lower Caves | Discovered new exit (range 4) 10723 | -6/Lower Caves | Attracted the attention of an 0b10 outpost 11045 | -6/Lower Caves | Attacked by a delusional Derelict stockpiling Unaware 11389 | -6/Lower Caves | Build established: Commander-Gladiator 11392 | -6/Lower Caves | Entered another Lower Caves area 11392 | -6/Lower Caves | Accompanied by 5 allies 11393 | -6/Lower Caves | Encountered a Warlord checkpoint 11534 | -6/Lower Caves | Discovered new exit (range 3) 11613 | -6/Lower Caves | Reached level 11 11913 | -6/Lower Caves | Build established: Hacker-Gladiator 12009 | -6/Lower Caves | Learned 8 Factory zone layouts 12062 | -6/Lower Caves | Learned Factory terminal intel 12083 | -6/Lower Caves | Reached level 12 12593 | -6/Lower Caves | P-60 Hacker assimilated allied Soldier 5c 12596 | -6/Lower Caves | P-60 Hacker assimilated allied Soldier 5d 12619 | -6/Lower Caves | Upgraded with Power slot (x1) 12772 | -6/Lower Caves | Entered a destroyed Warlord outpost 12880 | -6/Lower Caves | Discovered new exit (range 8) 12921 | -6/Lower Caves | Entered Data Miner 12921 | -6/Data Miner | Discovered new exit (range 6) 12958 | -6/Data Miner | Met Data Miner 13006 | -6/Data Miner | Learned location of Section 7 (-3) 13006 | -6/Data Miner | Acquired the access code to Warlord's prototype stash 13042 | -6/Data Miner | Received God Mode back door access code from Data Miner 13102 | -6/Data Miner | Entered Proximity Caves 13104 | -5/Proximity Caves | Reached level 13 13197 | -5/Proximity Caves | Spotter reported a threat 13342 | -5/Proximity Caves | Spotter reported a threat 13378 | -5/Proximity Caves | Spotter reported a threat 13395 | -5/Proximity Caves | Spotter reported a threat 13431 | -5/Proximity Caves | Spotter reported a threat 13484 | -5/Proximity Caves | Spotter reported a threat 13548 | -5/Proximity Caves | Spotter reported a threat 13609 | -5/Proximity Caves | Attracted the attention of an 0b10 checkpoint 13708 | -5/Proximity Caves | Upgraded with Utility slot (x1) 13869 | -5/Proximity Caves | Learned Factory interactive machine intel 13888 | -5/Proximity Caves | Upgraded with Propulsion slot (x1) 13968 | -5/Proximity Caves | Discovered new exit (range 6) 14288 | -5/Proximity Caves | Reached level 14 14810 | -5/Proximity Caves | Entered Factory 14811 | -5/Factory | Identified exit to Upper Caves 14812 | -5/Factory | Identified exit to Factory 14812 | -5/Factory | Reached level 15 14813 | -5/Factory | Loaded intel: 54 interactive machine locations 14814 | -5/Factory | Loaded intel: 26 terminal locations 15110 | -5/Factory | Search patrols dispatched 15410 | -5/Factory | Search patrols dispatched 15689 | -5/Factory | Reached level 16 15710 | -5/Factory | Search patrols dispatched 15715 | -5/Factory | Destroyed 7 combat bots 15776 | -5/Factory | Core integrity fell below 50% 15824 | -5/Factory | Discovered exit to Factory (range 15) 15956 | -5/Factory | Sucked down chute 15956 | -5/Factory | Entered Waste 15966 | -5/Waste | Spotted C-40 Crusher 15975 | -5/Waste | Spotted C-40 Crusher 15976 | -5/Waste | Spotted C-40 Crusher 15990 | -5/Waste | Upgraded with Utility slot (x1) 15992 | -5/Waste | Found Damper Plating 15997 | -5/Waste | Upgraded with Propulsion slot (x1) 16007 | -5/Waste | Spotted C-40 Crusher 16013 | -5/Waste | Spotted C-40 Crusher 16049 | -5/Waste | Spotted C-40 Crusher 16100 | -5/Waste | Warlord forces began an assault 16106 | -5/Waste | Allies destroyed C-40 Crusher 16107 | -5/Waste | Allies destroyed C-40 Crusher 16113 | -5/Waste | Allies destroyed C-40 Crusher 16180 | -5/Waste | Discovered new exit (range 12) 16218 | -5/Waste | Entered Factory 16218 | -5/Factory | Accompanied by 19 allies 16354 | -5/Factory | Reached level 17 16512 | -5/Factory | Reached level 18 16523 | -5/Factory | Reached level 19 16557 | -5/Factory | Lost 6 allies 16630 | -5/Factory | Reached level 20 16691 | -5/Factory | Allied Derelicts emerged from ambush trap array 16731 | -5/Factory | Upgraded with Utility slot (x1) 16731 | -5/Factory | Upgraded with Weapon slot (x1) 16961 | -5/Factory | Lost 10 allies 16966 | -5/Factory | Reached level 21 16987 | -5/Factory | Destroyed 7 combat bots 17418 | -5/Factory | First assault squad dispatched 17719 | -5/Factory | Discovered exit to Factory (range 16) 17744 | -5/Factory | Incoming assault squad redirected 18015 | -5/Factory | Allied Derelicts emerged from ambush trap array 18113 | -5/Factory | Garrison activated, responded to threat 18128 | -5/Factory | P-70 Sage assimilated allied 1B-C5U(g) 18581 | -5/Factory | Discovered exit to Factory (range 15) 18598 | -5/Factory | Reached level 22 18607 | -5/Factory | Entered Upper Caves 18626 | -5/Upper Caves | Encountered a Warlord checkpoint 18962 | -5/Upper Caves | Attracted the attention of an 0b10 checkpoint 19067 | -5/Upper Caves | Discovered new exit (range 12) 19104 | -5/Upper Caves | Entered a destroyed Warlord outpost 19450 | -5/Upper Caves | Attracted the attention of an 0b10 outpost 20164 | -5/Upper Caves | Entered another Upper Caves area 20164 | -5/Upper Caves | Accompanied by 2 allies 20165 | -5/Upper Caves | Identified exit to Warlord 20215 | -5/Upper Caves | P-70 Sage assimilated allied Fighter 6a 20336 | -5/Upper Caves | Discovered exit to Factory (range 10) 20640 | -5/Upper Caves | Attracted the attention of an 0b10 outpost 20702 | -5/Upper Caves | Destroyed 8 combat bots 20866 | -5/Upper Caves | Reached level 23 20974 | -5/Upper Caves | Upgraded with Utility slot (x1) 21400 | -5/Upper Caves | Encountered a Warlord checkpoint 21524 | -5/Upper Caves | Entered Warlord 21524 | -5/Warlord | Accompanied by 2 allies 21573 | -5/Warlord | Discovered new exit (range 12) 21592 | -5/Warlord | Identified exit to Proximity Caves 21968 | -5/Warlord | Received a Watcher feed algorithm from an ecstatic Tinkerer 22012 | -5/Warlord | Opened Warlord's prototype stash 22037 | -5/Warlord | Found Prototype Reactor 22037 | -5/Warlord | Identified Vortex Chain Reactor 22064 | -5/Warlord | Found Prototype Device 22064 | -5/Warlord | Identified System Purifier 22068 | -5/Warlord | Found Prototype Processor 22068 | -5/Warlord | Identified Spectral Analyzer 22117 | -5/Warlord | Visited the Vortex Lab 22131 | -5/Warlord | Warlord's base attacked by MAIN.C 22134 | -5/Warlord | Found Prototype Energy Gun 22134 | -5/Warlord | Identified Vortex Rail 22353 | -5/Warlord | Lost 4 allies 22457 | -5/Warlord | Warlord forces counterattacked 22468 | -5/Warlord | Spotted B-86 Titan 22472 | -5/Warlord | Spotted B-75 Beast 22480 | -5/Warlord | Spotted Striker 22493 | -5/Warlord | Destroyed B-86 Titan 22501 | -5/Warlord | Destroyed Striker 22512 | -5/Warlord | Spotted Striker 22554 | -5/Warlord | P-80 Master assimilated allied IA-5FN(g) 22555 | -5/Warlord | Spotted Striker 22589 | -5/Warlord | Entered Proximity Caves 22611 | -4/Proximity Caves | Lost 13 allies 22628 | -4/Proximity Caves | Learned location of Testing (-2) 22786 | -4/Proximity Caves | Reached level 24 22902 | -4/Proximity Caves | Attracted the attention of an 0b10 checkpoint 23197 | -4/Proximity Caves | Discovered exit to Factory (range 11) 24156 | -4/Proximity Caves | Entered Factory 24157 | -4/Factory | Identified exit to Armory 24158 | -4/Factory | Reached level 25 24488 | -4/Factory | Watched by a mysterious "MATRIX" hacker. 24708 | -4/Factory | Fabricated H-66 Slayer (x2) 24832 | -4/Factory | Identified exit to Upper Caves 24832 | -4/Factory | Identified exit to Extension 25581 | -4/Factory | Reached level 26 25871 | -4/Factory | Entered Extension 26001 | -4/Extension | Rescued a captive Derelict 26015 | -4/Extension | Rescued a captive Derelict 26099 | -4/Extension | Rescued a captive Derelict 26100 | -4/Extension | Rescued a captive Derelict 26227 | -4/Extension | Spotted B-86 Titan 26262 | -4/Extension | Spotted B-86 Titan 26282 | -4/Extension | Allies destroyed B-86 Titan 26312 | -4/Extension | Allies destroyed B-86 Titan 26371 | -4/Extension | First assault squad dispatched 26407 | -4/Extension | Rescued A7 26620 | -4/Extension | Reached level 27 26724 | -4/Extension | Rescued a captive Derelict 26807 | -4/Extension | Loaded intel: 1 recycling unit location 26923 | -4/Extension | Discovered new exit (range 10) 26924 | -4/Extension | Discovered new exit (range 6) 26935 | -4/Extension | Identified exit to Research 26942 | -4/Extension | Identified exit to Cetus 26969 | -4/Extension | Entered Cetus 26969 | -4/Cetus | Accompanied by 13 allies (A7) 26974 | -4/Cetus | Acquired a Cetus Manufacturing Module code from A7 26983 | -4/Cetus | Spotted Cetus Guard 26983 | -4/Cetus | Spotted Cetus Guard 26985 | -4/Cetus | Spotted Cetus Guard 26985 | -4/Cetus | Spotted Cetus Guard 26994 | -4/Cetus | Allies destroyed Cetus Guard 27001 | -4/Cetus | Allies destroyed Cetus Guard 27004 | -4/Cetus | Destroyed Cetus Guard 27007 | -4/Cetus | Destroyed Cetus Guard 27079 | -4/Cetus | Started Cetus Manufacturing Module 27092 | -4/Cetus | Escorted A7 to Cetus Mainframe 27104 | -4/Cetus | Manufactured an Enhanced Grunt 27129 | -4/Cetus | Manufactured an Enhanced Grunt 27154 | -4/Cetus | Manufactured an Enhanced Grunt 27179 | -4/Cetus | Manufactured an Enhanced Grunt 27204 | -4/Cetus | Manufactured an Enhanced Grunt 27248 | -4/Cetus | Discovered new exit (range 16) 27267 | -4/Cetus | Spotted Cetus Guard 27267 | -4/Cetus | Spotted Cetus Guard 27269 | -4/Cetus | Spotted Cetus Guard 27269 | -4/Cetus | Spotted Cetus Guard 27270 | -4/Cetus | Allies destroyed Cetus Guard 27275 | -4/Cetus | Discovered exit to Research (range 16) 27277 | -4/Cetus | Allies destroyed Cetus Guard 27287 | -4/Cetus | Destroyed Cetus Guard 27291 | -4/Cetus | Allies destroyed Cetus Guard 27292 | -4/Cetus | Met Revision 17 27346 | -4/Cetus | Identified exit to Archives 27396 | -4/Cetus | Build established: Commander-Gladiator 27402 | -4/Cetus | Entered Archives 27402 | -4/Archives | Accompanied by 16 allies (A7) 27407 | -4/Archives | Received a hacking code to weaken MAIN.C 30025 | -4/Archives | Met Zhirov 30031 | -4/Archives | Reinforcements dispatched to Archives 30041 | -4/Archives | Read partially decrypted archive contents 30044 | -4/Archives | Discovered new exit (range 15) 30065 | -4/Archives | Identified exit to Hub_04(d) 30076 | -4/Archives | Reinforcements dispatched to Archives 30080 | -4/Archives | Entered Hub_04(d) 30080 | -4/Hub_04(d) | Accompanied by 1 ally 30087 | -4/Hub_04(d) | Discovered exit to Research (range 16) 30379 | -4/Hub_04(d) | Build established: Hacker-Gladiator 30434 | -4/Hub_04(d) | Reached level 28 30493 | -4/Hub_04(d) | Network Hub disabled 30617 | -4/Hub_04(d) | Spotted Lightning 30617 | -4/Hub_04(d) | Spotted Lightning 30629 | -4/Hub_04(d) | Spotted Lightning 30761 | -4/Hub_04(d) | Destroyed Lightning 30807 | -4/Hub_04(d) | Destroyed Lightning 30971 | -4/Hub_04(d) | Upgraded with Propulsion slot (x1) 30971 | -4/Hub_04(d) | Upgraded with Weapon slot (x1) 31016 | -4/Hub_04(d) | Network Hub disabled 31191 | -4/Hub_04(d) | Network Hub disabled 31235 | -4/Hub_04(d) | Entered Research 31435 | -3/Research | Revision forces began assault on 0b10 31487 | -3/Research | Found Gamma Bomb Array 31512 | -3/Research | Loaded intel: 5 recycling unit locations 31523 | -3/Research | Met up with Revision 17++ 31663 | -3/Research | Identified exit to Quarantine 31742 | -3/Research | Reached level 29 31935 | -3/Research | Research terminal network offline 32231 | -3/Research | Spotted Striker 32251 | -3/Research | Discovered new exit (range 13) 32293 | -3/Research | Lost 5 allies 32307 | -3/Research | Identified exit to Research 32438 | -3/Research | Crushed by falling debris 32668 | -3/Research | Entered Quarantine 32724 | -3/Quarantine | Found Alien Energy Cannon 32729 | -3/Quarantine | Identified Core Cannon 32822 | -3/Quarantine | Unchained authorized (DW-4LL) 32904 | -3/Quarantine | Found Alien Slashing Weapon 32904 | -3/Quarantine | Identified Sigix Broadsword 33224 | -3/Quarantine | Discovered exit to Research (range 10) 33322 | -3/Quarantine | DW-4LL burst out of a wall 33638 | -3/Quarantine | DW-4LL burst out of a wall 33662 | -3/Quarantine | Core integrity fell below 50% 33683 | -3/Quarantine | Core integrity fell below 20% 33686 | -3/Quarantine | Destroyed DW-4LL 34145 | -3/Quarantine | Cryocooling Duct disabled 34145 | -3/Quarantine | Cryocooling Duct disabled 34160 | -3/Quarantine | Ambient heat levels rising (+40) 34160 | -3/Quarantine | Non-combat units ordered to evacuate 34160 | -3/Quarantine | Combat units ordered to evacuate 34260 | -3/Quarantine | Quarantine Guard activated 34292 | -3/Quarantine | Core destroyed Last Messages --------------- 34280_ Mak. Hammer follow-up attack on Y-72 Warden. 34280_ Powered Hammer follow-up attack on Y-72 Warden. 34282_ Penetrated by Slug. 34282_ Slug penetrates Quantum Generator. 34283_ Y-72 Warden Med. Treads severed. 34283_ Mak. Hammer follow-up attack on Y-72 Warden. 34283_ Powered Hammer follow-up attack on Y-72 Warden. 34285_ Penetrated by Slug. 34286_ Quantum Generator malfunctions... 34286_ Quantum Generator explodes. 34287_ Power failure, Rnf. Quantum Reactor shutdown. 34287_ Adv. Heat Sink melted. 34287_ Y-72 Warden destroyed. 34287_ Penetrated by Slug. 34288_ Overheating: System interference. 34288_ Sigix Broadsword temporarily disabled. 34288_ Acquired 60 matter. 34291_ Overheating: Matter decay (-33). 34291_ Acquired 33 matter. 34292_ Overheating: Core damaged (-120). Map ----- +----------------------------------------------------+ | #??????????????????????????????????????????????? | | #??????????????????????????????????????????????? | | #??????????????????????????????????????????????? | | ###??????????????????????????????????????????????? | | ?????????????????????????????????????????????????? | | ?????????????????????????????????????????????????? | | ?????????????????????????????????????????????????? | | ?#########################???????????????????????? | | ?# ^ #???????????????????????? | | ?# #???????????????????????? | | ?# #???????????????????????? | | ?# """ #???????????????????????? | | ?# """ ? #???????????????????????? | | ?# """ #############+#####???????????????????? | | ?# #???????# ###?????????????????? | | ?# """ #???????# # ##????????????????? | | ?# """ #???????# ###??????????????? | | ?# """ #???????# ##?????????????? | | ## ####????####+## #?????????????? | | #???????# # ##????????????? | | #???????# # #????????????? | | ############ #???????# # ##????????????? | | # ## #???????# # #????????????? | | ! # " ## ######### # #????????????? | | # "" ## =[=#%= #????????????? | | " "" ## ![%/@% #??????????????? | | # "" ## ###########Y ##??????????????? | | /### " ## #?????????#* ##???????????????? | | # "" ## #?????????# #????????????????? | | # "" ## #?????????# #????????????????? | | # "" ## ###################????????????????? | | # " ## ## #????????????????????? | | # ## ## #????????????????????? | | !%#+##+#### ## """ """ #????????????????????? | | ==%# # """ """ #????????????????????? | | !=+ # """ """ #????????????????????? | | %[# """ + #????????????????????? | | *%+ """ # """ """ #????????????????????? | | ## """ # """ """ #????????????????????? | | ## ? # """ """ #????????????????????? | | #####! # #????????????????????? | | ???? # #????????????????????? | | ??? # #????????????????????? | | ??" """ """ ##############????????????????????? | | ??" """ """ #?????????????????????????????????? | | ??" ?"" """ #?????????????????????????????????? | | ?? ???? ?? #?????????????????????????????????? | | ??????? ?"" #?????????????????????????????????? | | ??????? ??" #?????????????????????????????????? | | ??????????" ??????????????????????????????????? | +----------------------------------------------------+ Best States ------------- Heat Dissipation 55 Energy Generation 75 Energy Capacity 950 Matter Stores 300 Matter Capacity 300 Sight Range 16 Robot Scan Range 22 Terrain Scan Density 10 Cloak Strength 3 Corruption Containment 8 Armor Coverage 1600 Resistance: KI 20 Resistance: TH 20 Resistance: EX 20 Resistance: EM 90 Melee Speed Boost 20 Evasion (%) 82 Targeting Accuracy 5 Force Boost 20 Offensive Hacking 25 Defensive Hacking 20 Item Schematics ----------------- Combat Drone Bay | -6/Data Miner | Free Lgt. Regenerative Plating | -6/Data Miner | Free Imp. Thermal Defense Suite | -6/Data Miner | Free Cld. Gravmag System | -6/Data Miner | Free Cld. Plasma Rifle | -6/Data Miner | Free Adv. VSS Leg | -6/Data Miner | Free Imp. Phase Shifter | -6/Data Miner | Free Hvy. Disruptor Cannon | -6/Data Miner | Free Matter Neutralizer | -6/Data Miner | Free Antimatter Reactor | -6/Data Miner | Free Imp. Thunder Leg | -6/Data Miner | Free Imp. Actuator Array | -5/Factory | Scanalyzed Exp. Optical Array | -3/Quarantine | Archive Cld. Nuclear Pulse Thruster | -3/Quarantine | Archive Robot Schematics ------------------ X-67 Chaingunner | -6/Data Miner | Free H-66 Slayer | -6/Data Miner | Free P-60 Hacker | -6/Data Miner | Free R-10 Processor | -6/Data Miner | Free A-27 Freighter | -6/Data Miner | Free A-15 Conveyor | -6/Data Miner | Free M-30 Cleanser | -6/Data Miner | Free K-01 Serf | -3/Quarantine | Archive Fabricated ------------ H-66 Slayer | x2 | -4/Factory Repaired ---------- Nothing Studied --------- None Alien Tech Used ----------------- Core Cannon Sigix Broadsword Achievements -------------- Bigger And Badder Hard Hitter Ultimate Loadout Challenges ------------ None RPGLIKE | -11 -10 -10 -9 -9 -6 -6 -6 -6 -5 -5 -5 -5 -5 -5 -5 -4 -4 -4 -4 -4 -4 -3 -3 --------- Run | Yrd Mat Sub Rec Scr Fac Low Low Dat Pro Fac Was Fac Upp Upp War Pro Fac Ext Cet Arc Hub Res Qua Levels Raised 28 | . 2 1 1 1 3 1 2 . 2 2 . 6 . 1 . 1 2 1 . . 1 1 . XP Earned 46480 | 3000 3454 1400 2150 650 4910 1500 3124 650 1900 3929 245 7602 648 912 395 2120 2027 1942 466 196 702 1318 1240 XP Spent 44905 | 1350 2010 1600 2700 2200 3980 1700 800 . 4400 . 3940 7850 . 3425 . 1300 1000 . 300 . 3400 2150 800 Upgrades 76 | 4 6 2 8 2 21 1 1 . 4 . 4 7 . 3 . 2 1 . 1 . 2 6 1 Power Slot 2 | . 1 . . . . . 1 . . . . . . . . . . . . . . . . Propulsion Slot 5 | 1 . 1 . . . . . . 1 . 1 . . . . . . . . . 1 . . Utility Slot 9 | . 1 1 . 1 1 1 . . 1 . 1 1 . 1 . . . . . . . . . Weapon Slot 5 | 1 1 . . 1 . . . . . . . 1 . . . . . . . . 1 . . Core Integrity 8 | . . . . . 8 . . . . . . . . . . . . . . . . . . Heat Dissipation 5 | . 3 . . . . . . . . . 2 . . . . . . . . . . . . Mass Support 1 | 1 . . . . . . . . . . . . . . . . . . . . . . . Inventory Capacity 2 | 1 . . . . . . . . . . . . . . . . . . . . . 1 . Sensor Range 11 | . . . . . 8 . . . . . . . . 2 . . . . 1 . . . . Melee Accuracy 7 | . . . 4 . . . . . 2 . . . . . . . . . . . . . 1 Hack Attack % 5 | . . . 2 . . . . . . . . 2 . . . . 1 . . . . . . Hack Defense % 4 | . . . 2 . . . . . . . . 2 . . . . . . . . . . . KI Resistance % 4 | . . . . . 2 . . . . . . 1 . . . 1 . . . . . . . TH Resistance % 4 | . . . . . 2 . . . . . . . . . . 1 . . . . . 1 . EX Resistance % 4 | . . . . . . . . . . . . . . . . . . . . . . 4 . Protomatter Created 5580 | . 280 503 96 . 212 247 138 . 87 364 . 559 257 196 . 575 413 576 84 . 390 93 510 Integrity Restored 13030 | . 577 642 280 . 591 741 951 . 256 438 511 1933 558 374 144 818 713 633 327 . 382 1229 932 Core 8327 | . 491 541 167 . 591 741 531 . 149 438 502 711 138 254 126 386 370 369 147 . 280 533 862 Parts 4703 | . 86 101 113 . . . 420 . 107 . 9 1222 420 120 18 432 343 264 180 . 102 696 70 Protomatter Decayed 5087 | . 36 453 . . 10 . 54 . . 28 . 233 64 172 463 286 180 645 113 . 210 2010 130 Game ------ Seed MicroCompositeRefractor Manual? 0 Play Time 05:25:06 Cumulative 183.8 hours Start 2026.04.04 @ 01:32:27 End 2026.04.06 @ 02:40:23 Sessions 3 Manual Loads 0 Difficulty Rogue Special Mode Winter2019/RPGLIKE Game No. 82 Rogue 78 Adventurer 4 Explorer 0 Win Type - Total 5 Types 4/0/1/0/0/0/0/0/0/0 Lore% 71 Gallery% 50 Achievement% 41 Wizard Run 0 Options --------- Layout 0 ASCII 0 Keyboard 0 Movement Arrows Keybinds 0 Fullscreen 2 Font 32/SmallcapsGlow Map View 88x55 Zoom Use 0% Tactical HUD 1 Map Filters NONE Filters NONE Steam 1 RUN: 9e7d6adf-23bd-467e-97e5-fc48bb836e1d